cohdb
Replays
Latest Replays
All Replays
Popular Replays
Top Player Replays
Match Explorer
How It Works
Community
CoH3 Stats
Reddit
Sign in to upload your games and track your stats! →
Sign in with Steam
Match 41874511
Unlisted
Match 41874511
Overview
Messages
Build Orders
End
Selects Airborne Battlegroup
Selects Heavy Machine Gun Paradrop
Engineer Squad
Heavy Machine Gun Paradrop
Heavy Machine Gun Paradrop
Air Support Center
Selects Paratrooper Squad Paradrop
Paratrooper Squad Paradrop
Grasshopper Recon Run
Paratrooper Squad Paradrop
Grasshopper Recon Run
P-47 Strafing Run
Construct Weapon Support Center
Construct Tank Depot
Grasshopper Recon Run
M4A1 Sherman Medium Tank
Selects Smoke Bombing Run
Smoke Bombing Run
STALKER4732
SHEF
Devochkin
Yngvi
BENDER¯\_(ツ)_/¯
RIIIK
SKOBADARK
GrayFox
0
0
Comments
sign in to comment!
No comments posted yet!